 Dungeon Crawl Stone Soup version 0.17.0-27-g4a3f43e (webtiles) character file.

116 dysrexia the Magician (level 4, 0/24 HPs)
             Began as a Deep Elf Wizard on Nov 21, 2015.
             Killed by nerve-wracking pain
             ... invoked by an orc priest
              (8 damage)
             ... on level 3 of the Dungeon.
             The game lasted 00:11:26 (2614 turns).

dysrexia the Magician (Deep Elf Wizard)             Turns: 2614, Time: 00:11:26

Health: 0/24       AC:  2    Str:  4    XL:     4   Next: 70%
Magic:  4/13       EV:  7    Int: 24    God:
Gold:   101        SH:  0    Dex: 13    Spells: 4 memorised, 6 levels left

rFire  . . .     SeeInvis .     r - +0 dagger
rCold  . . .     Clarity  .     a - +0 robe
rNeg   . . .     SustAt   .     (no shield)
rPois  .         Gourm    .     b - +0 hat
rElec  .         Spirit   .     (no cloak)
rCorr  .         Warding  .     (no gloves)
rMut   .         Stasis   .     (no boots)
MR     .....                    (no amulet)
Stlth  ++........               (no ring)
                                (no ring)

@: very slightly contaminated, not resistant to hostile enchantments, unstealthy
A: no striking features
a: no special abilities


You were on level 3 of the Dungeon.
You were not hungry.

You visited 1 branch of the dungeon, and saw 3 of its levels.

You collected 101 gold pieces.

Inventory:

Hand Weapons
 r - a +0 dagger (weapon)
Armour
 a - a +0 robe (worn)
 b - a +0 hat (worn)
 i - a +0 leather armour
Scrolls
 f - a scroll of blinking {unknown}
 g - a scroll of remove curse {unknown}
 h - 2 scrolls of teleportation {unknown}
 j - a scroll of immolation {unknown}
 n - 3 scrolls of identify {unknown}
 p - a scroll of recharging {unknown}
 s - a scroll of enchant armour {unknown}
 t - a scroll of random uselessness {unknown}
Potions
 e - a potion of ambrosia {unknown}
 k - 2 potions of magic {unknown}
 l - 2 potions of might {unknown}
 m - 4 potions of heal wounds {unknown}
 o - a potion of haste {unknown}
 w - a potion of brilliance {unknown}
 x - a potion of curing {unknown}
Books
 c - a book of Minor Magic

   Spells                             Type                      Level
   a - Magic Dart                     Conjuration                  1
   b - Blink                          Translocation                2
   c - Call Imp                       Summoning                    2
   d - Repel Missiles                 Charms/Air                   2
   e - Slow                           Hexes                        2
   f - Conjure Flame                  Conjuration/Fire             3
   g - Mephitic Cloud                 Conjuration/Poison/Air       3
Comestibles
 d - 2 bread rations
 q - 2 royal jellies
 u - a meat ration
 v - 2 chunks of flesh


   Skills:
 - Level 2.4 Dodging
 - Level 2.4 Stealth
 - Level 5.5 Spellcasting
 * Level 3.0 Conjurations
 - Level 1.3 Summonings
 - Level 1.3 Translocations
 + Level 1.6 Air Magic
 + Level 1.3 Poison Magic


You had 6 spell levels left.
You knew the following spells:

 Your Spells              Type           Power        Failure   Level  Hunger
a - Magic Dart            Conj           ###.         2%          1    None
b - Blink                 Tloc           N/A          10%         2    None
c - Call Imp              Summ           ##......     10%         2    None
d - Mephitic Cloud        Conj/Pois/Air  ###.....     14%         3    #......


Dungeon Overview and Level Annotations

Branches:
Dungeon (3/15)

Altars:
Makhleb


Message History

The adder bites your crimson imp.
You see here a club.
Something bites your crimson imp.
Your crimson imp blinks!
Some of the chunks of flesh in your inventory have rotted away.
The goblin shouts!
Found 25 stones and a viscous grey potion.
The goblin closely misses you.
The goblin drinks a potion.
The goblin suddenly seems more agile.
A hobgoblin comes into view. It is wielding a club.
The hobgoblin shouts!
The orc priest calls down the wrath of Beogh upon you.
Something smites you!
Ouch! That really hurt!
The hobgoblin hits you with a club.
* * * LOW HITPOINT WARNING * * *
There is a stone staircase leading up here.
The orc priest mumbles some strange prayers to Beogh against you.
Pain shoots through your body!
You die...

#.#########.#
######.###### #.#
#...........# #.#
#.####.####.# #.#
..####.####.#
#.############
...........#.#
#.##..รท....(.#
####.(.....#.#
#.##.#######.#
#.......#.####.##.##
#.#
#........o.Sg@g....####
#.#
#.......####.....#....#
#.# ..!......#
#.#.....##.# #.###
#.#.......#
#....#.###.# #((.#
##...##...# #....#.#
#.# ###.# .##. ##.##
#....o.# #.# #.# . #.
.......# #<# #.# ##
#.......# #.# #.# #.#
#.#


You could see an orc priest, an adder, an orc, a hobgoblin and a goblin.

Vanquished Creatures
  5 adders
  A worm (D:2)
  2 orcs (D:3)
  5 bats
  2 giant cockroaches (D:1)
  3 goblins
  9 hobgoblins
  A quokka (D:2)
  A ball python (D:1)
  2 giant newts
  2 kobolds
33 creatures vanquished.

Vanquished Creatures (collateral kills)
  A crimson imp (D:2)
  An adder (D:2)
  A worm (D:2)
  2 goblins
  A hobgoblin (D:1)
  A kobold (D:2)
7 creatures vanquished.

Grand Total: 40 creatures vanquished

Notes
Turn   | Place    | Note
--------------------------------------------------------------
     0 | D:1      | dysrexia the Deep Elf Wizard began the quest for the Orb.
     0 | D:1      | Reached XP level 1. HP: 10/10 MP: 7/7
   345 | D:1      | Reached skill level 5 in Spellcasting
   345 | D:1      | Reached XP level 2. HP: 15/15 MP: 8/10
   352 | D:1      | Learned a level 2 spell: Blink
   355 | D:1      | Learned a level 2 spell: Call Imp
  1067 | D:2      | Reached XP level 3. HP: 19/19 MP: 5/11
  1072 | D:2      | Learned a level 3 spell: Mephitic Cloud
  1372 | D:2      | Found a burning altar of Makhleb.
  1526 | D:2      | Reached skill level 1 in Air Magic
  1530 | D:2      | Reached XP level 4. HP: 24/24 MP: 7/13
  2146 | D:2      | Reached skill level 1 in Poison Magic
  2614 | D:3      | Killed from afar by an orc priest

Action                   |  1- 3 |  4- 6 || total
-------------------------+-------+-------++-------
Melee: Dagger            |     5 |     7 ||    12
 Cast: Magic Dart        |    76 |    34 ||   110
       Call Imp          |     5 |     5 ||    10
       Mephitic Cloud    |     1 |     6 ||     7
       Blink             |       |     1 ||     1
 Stab: Confused          |     2 |       ||     2
       Sleeping          |       |     2 ||     2
  Eat: Chunk             |     2 |     3 ||     5
